| TOP OF THE 1ST |
|
Windy City ThunderBolts batting - Pitching for York Revolution : RHP Seizaburo Takahashi
|
|
Pitching: RHP Seizaburo Takahashi
|
|
|
Batting: LHB Adam Tarbutton
|
0-0: Called Strike 0-1: SOLO HOME RUN (Flyball, 89XD, EV 96.9 MPH), Distance : 377 ft
|
|
Batting: LHB Matt Hyde
|
0-0: Called Strike 0-1: Ball 1-1: SINGLE (Line Drive, 4D, EV 98.1 MPH)
|
|
Batting: LHB Larry Myers
|
0-0: Ball 1-0: Ball 2-0: Called Strike 2-1: 2-RUN HOME RUN (Flyball, 9D, EV 98.1 MPH), Distance : 370 ft
|
|
Batting: LHB Justin Stickney
|
0-0: Ball 1-0: Called Strike 1-1: Fly out, F2 (Popup, 13S, EV 76.9 MPH)
|
|
Batting: RHB Mike Rosa
|
0-0: Ball 1-0: Ball 2-0: Ball 3-0: Base on Balls
|
|
Batting: RHB Josiah Wright
|
0-0: Ball 1-0: Called Strike 1-1: Foul Ball, location: 2F 1-2: Ball 2-2: SINGLE (Groundball, 56D, EV 102.5 MPH) (infield hit) Mike Rosa to second
|
|
Batting: LHB Evan Oliveri
|
0-0: Ball 1-0: Ground out 6-3 (Groundball, 6M, EV 103.1 MPH) Mike Rosa to third Josiah Wright to second
|
|
Batting: LHB Eddie Reyes
|
0-0: Swinging Strike 0-1: SINGLE (Groundball, 4MS, EV 70.0 MPH) (infield hit) Mike Rosa scores Josiah Wright to third
|
|
Batting: SHB Alfie Bungledorf
|
0-0: Fly out, F4 (Flyball, 34D, EV 88.8 MPH)
|
| Top of the 1st over - 4 runs, 5 hits, 0 errors, 2 left on base; Windy City 4 - York 0 |
| BOTTOM OF THE 1ST |
|
York Revolution batting - Pitching for Windy City ThunderBolts : LHP Juan Fuentes
|
|
Pitching: LHP Juan Fuentes
|
|
|
Batting: RHB Tony Perez
|
0-0: SINGLE (Groundball, 25, EV 67.5 MPH) (infield hit)
|
|
Batting: RHB Chris Myers
|
0-0: Fly out, F8 (Flyball, 78D, EV 104.4 MPH)
|
|
Batting: RHB Trent Hedrick
|
0-0: Ball 1-0: Fly out, F9 (Flyball, 9LM, EV 102.5 MPH)
|
|
Batting: RHB Jose Corral
|
0-0: Ball 1-0: Foul Ball, location: 2F 1-1: SINGLE (Flyball, 8LS, EV 83.8 MPH) Tony Perez to second Runner from 2nd tries for 3rd, SAFE, throw by CF made to third
|
|
Batting: RHB Lee Wright
|
0-0: Ball 1-0: Ball 2-0: Ball 3-0: Base on Balls Jose Corral to second
|
|
Batting: SHB Brett St. Clair
|
0-0: Called Strike 0-1: Ball 1-1: Called Strike 1-2: Foul Ball, location: 2F 1-2: Foul Ball, location: 2F 1-2: Fielders Choice at 2nd, 5-4 (Groundball, 56, EV 87.5 MPH)
|
| Bottom of the 1st over - 0 runs, 2 hits, 0 errors, 3 left on base; Windy City 4 - York 0 |
| TOP OF THE 2ND |
|
Windy City ThunderBolts batting - Pitching for York Revolution : RHP Seizaburo Takahashi
|
|
Batting: LHB Adam Tarbutton
|
0-0: Ball 1-0: Ball 2-0: Ball 3-0: Base on Balls
|
|
Batting: LHB Matt Hyde
|
0-0: Called Strike 0-1: Ball 1-1: Ball 2-1: Fielders Choice at 2nd, 5-4 (Groundball, 56, EV 89.4 MPH)
|
|
Batting: LHB Larry Myers
|
0-0: Ball 1-0: Called Strike 1-1: Ball 2-1: Fly out, F7 (Flyball, 78S, EV 84.4 MPH)
|
|
Batting: LHB Justin Stickney
|
0-0: Called Strike 0-1: Swinging Strike 0-2: Ball 1-2: DOUBLE (Flyball, 8LXD, EV 110.6 MPH) Matt Hyde to third Runner from 3rd tries for Home, SAFE, throw by CF to trailing runner, SAFE at third!
|
|
Batting: RHB Mike Rosa
|
0-0: Ball 1-0: Foul Ball, location: 2F 1-1: Foul Ball, location: 2F 1-2: SINGLE (Line Drive, 6MD, EV 105.0 MPH) Justin Stickney scores
|
|
Pitching: LHP Mike Aldrich
|
|
|
Batting: RHB Josiah Wright
|
0-0: Called Strike 0-1: Swinging Strike 0-2: Fly out, F5 (Popup, 5SF, EV 76.9 MPH)
|
| Top of the 2nd over - 2 runs, 2 hits, 0 errors, 1 left on base; Windy City 6 - York 0 |
| BOTTOM OF THE 2ND |
|
York Revolution batting - Pitching for Windy City ThunderBolts : LHP Juan Fuentes
|
|
Batting: RHB Jake Cox
|
0-0: Ball 1-0: Foul Ball, location: 2F 1-1: Foul Ball, location: 2F 1-2: Fly out, F9 (Flyball, 9LM, EV 94.4 MPH)
|
|
Batting: RHB Victor Arias
|
0-0: Ball 1-0: Ball 2-0: SINGLE (Groundball, 4D, EV 98.1 MPH)
|
|
Batting: RHB Joe Hewitt
|
Pickoff Throw to First - Error! E1 Victor Arias to second 0-0: Ball 1-0: Ball 2-0: Called Strike 2-1: Ground out 4-3 (Groundball, 4, EV 86.9 MPH) Victor Arias to third
|
|
Batting: RHB Tony Perez
|
0-0: Ball 1-0: Ball 2-0: Ground out U3 (Groundball, 34, EV 81.9 MPH)
|
| Bottom of the 2nd over - 0 runs, 1 hit, 1 error, 1 left on base; Windy City 6 - York 0 |
| TOP OF THE 3RD |
|
Windy City ThunderBolts batting - Pitching for York Revolution : LHP Mike Aldrich
|
|
Batting: LHB Evan Oliveri
|
0-0: Ball 1-0: Called Strike 1-1: Ball 2-1: Foul Ball, location: 2F 2-2: Ball 3-2: Foul Ball, location: 2F 3-2: Strikes out swinging
|
|
Batting: LHB Eddie Reyes
|
0-0: Called Strike 0-1: Ball 1-1: Called Strike 1-2: Foul Ball, location: 2F 1-2: SINGLE (Line Drive, 8RS, EV 102.5 MPH)
|
|
Batting: SHB Alfie Bungledorf
|
0-0: Foul Ball, location: 2F 0-1: Fly out, F7 (Flyball, 78D, EV 94.4 MPH)
|
|
Batting: LHB Adam Tarbutton
|
0-0: Ball 1-0: Called Strike 1-1: Called Strike Eddie Reyes steals 2nd base 1-2: Ground out 6-3 (Groundball, 4M, EV 90.0 MPH)
|
| Top of the 3rd over - 0 runs, 1 hit, 0 errors, 1 left on base; Windy City 6 - York 0 |
| BOTTOM OF THE 3RD |
|
York Revolution batting - Pitching for Windy City ThunderBolts : LHP Juan Fuentes
|
|
Batting: RHB Chris Myers
|
0-0: Ball 1-0: SINGLE (Line Drive, 8RS, EV 100.6 MPH)
|
|
Batting: RHB Trent Hedrick
|
0-0: Called Strike 0-1: Called Strike 0-2: Ball 1-2: Ball 2-2: Grounds into double play, 3-6-3 (Groundball, 3, EV 99.4 MPH)
|
|
Batting: RHB Jose Corral
|
0-0: Ground out 5-3 (Groundball, 56, EV 87.5 MPH)
|
| Bottom of the 3rd over - 0 runs, 1 hit, 0 errors, 0 left on base; Windy City 6 - York 0 |
| TOP OF THE 4TH |
|
Windy City ThunderBolts batting - Pitching for York Revolution : LHP Mike Aldrich
|
|
Batting: LHB Matt Hyde
|
0-0: Ball 1-0: Foul Ball, location: 2F 1-1: Swinging Strike 1-2: Strikes out swinging
|
|
Batting: LHB Larry Myers
|
0-0: Ball 1-0: Foul Ball, location: 2F 1-1: Foul Ball, location: 2F 1-2: Ball 2-2: Fly out, F8 (Flyball, 8LS, EV 86.9 MPH)
|
|
Batting: LHB Justin Stickney
|
0-0: Ball 1-0: Foul Ball, location: 2F 1-1: Ground out 5-3 (Groundball, 56, EV 80.6 MPH)
|
| Top of the 4th over - 0 runs, 0 hits, 0 errors, 0 left on base; Windy City 6 - York 0 |
| BOTTOM OF THE 4TH |
|
York Revolution batting - Pitching for Windy City ThunderBolts : LHP Juan Fuentes
|
|
Batting: RHB Lee Wright
|
0-0: Foul Ball, location: 2F 0-1: Ball 1-1: Ball 2-1: Fly out, F8 (Flyball, 89XD, EV 93.8 MPH)
|
|
Batting: SHB Brett St. Clair
|
0-0: Ball 1-0: Ball 2-0: Ball 3-0: Base on Balls
|
|
Batting: RHB Jake Cox
|
0-0: Ball 1-0: Swinging Strike 1-1: Foul Ball, location: 2F 1-2: Ball 2-2: Strikes out looking
|
|
Batting: RHB Victor Arias
|
0-0: Called Strike 0-1: Ball 1-1: Ball 2-1: Foul Ball, location: 2F 2-2: SINGLE (Groundball, 5S, EV 61.9 MPH) (infield hit) Brett St. Clair to second
|
|
Batting: RHB Joe Hewitt
|
0-0: DOUBLE (Flyball, 8LXD, EV 111.9 MPH) Brett St. Clair scores Victor Arias to third Runner from 3rd tries for Home, SAFE, throw by CF to home
|
|
Batting: RHB Tony Perez
|
0-0: Ball 1-0: SINGLE (Line Drive, 9S, EV 90.6 MPH) Joe Hewitt to third Runner from 3rd tries for Home, SAFE, throw by RF to home
|
|
Batting: RHB Chris Myers
|
0-0: Called Strike 0-1: Ball 1-1: Fielders Choice at 2nd, 6-4 (Groundball, 6, EV 91.9 MPH)
|
| Bottom of the 4th over - 3 runs, 3 hits, 0 errors, 1 left on base; Windy City 6 - York 3 |
| TOP OF THE 5TH |
|
Windy City ThunderBolts batting - Pitching for York Revolution : LHP Mike Aldrich
|
|
Batting: RHB Mike Rosa
|
0-0: Called Strike 0-1: Ball 1-1: Ball 2-1: Called Strike 2-2: Foul Ball, location: 2F 2-2: Ground out 5-3 (Groundball, 56, EV 91.2 MPH)
|
|
Batting: RHB Josiah Wright
|
0-0: Ball 1-0: Swinging Strike 1-1: Ball 2-1: Swinging Strike 2-2: Ball 3-2: Strikes out swinging
|
|
Batting: LHB Evan Oliveri
|
0-0: Called Strike 0-1: Ball 1-1: Ball 2-1: Ball 3-1: Called Strike 3-2: Ground out 4-3 (Groundball, 4M, EV 83.8 MPH)
|
| Top of the 5th over - 0 runs, 0 hits, 0 errors, 0 left on base; Windy City 6 - York 3 |
| BOTTOM OF THE 5TH |
|
York Revolution batting - Pitching for Windy City ThunderBolts : LHP Juan Fuentes
|
|
Batting: RHB Trent Hedrick
|
0-0: Ball 1-0: Called Strike 1-1: Ball 2-1: Foul Ball, location: 2F 2-2: Fly out, F5 (Popup, 56S, EV 76.2 MPH)
|
|
Batting: RHB Jose Corral
|
0-0: Swinging Strike 0-1: Ball 1-1: Ball 2-1: Called Strike 2-2: Strikes out looking
|
|
Batting: RHB Lee Wright
|
0-0: Ball 1-0: Ball 2-0: Ball 3-0: Called Strike 3-1: Foul Ball, location: 2F 3-2: Base on Balls
|
|
Batting: SHB Brett St. Clair
|
0-0: Ball 1-0: Ground out 4-3 (Groundball, 4, EV 83.1 MPH)
|
| Bottom of the 5th over - 0 runs, 0 hits, 0 errors, 1 left on base; Windy City 6 - York 3 |
| TOP OF THE 6TH |
|
Windy City ThunderBolts batting - Pitching for York Revolution : LHP Mike Aldrich
|
|
Batting: LHB Eddie Reyes
|
0-0: Ball 1-0: Ball 2-0: Ball 3-0: Base on Balls
|
|
Batting: SHB Alfie Bungledorf
|
0-0: Fly out, F7 (Flyball, 78M, EV 90.6 MPH)
|
|
Batting: LHB Adam Tarbutton
|
0-0: Foul Ball, location: 2F 0-1: Ball 1-1: Ball 2-1: Ball 3-1: SINGLE (Groundball, 56D, EV 101.9 MPH) Eddie Reyes to second
|
|
Batting: LHB Matt Hyde
|
0-0: Foul Ball, location: 2F 0-1: SINGLE (Groundball, 34D, EV 98.8 MPH) Eddie Reyes to third Adam Tarbutton to second
|
|
Batting: LHB Larry Myers
|
0-0: Ball 1-0: Foul Ball, location: 2F 1-1: Foul Ball, location: 2F 1-2: Ball 2-2: Ball 3-2: Foul Ball, location: 2F 3-2: SINGLE (Flyball, 7S, EV 96.2 MPH) Eddie Reyes scores Adam Tarbutton to third Matt Hyde to second Runner from 3rd tries for Home, SAFE, throw by LF to home
|
|
Pitching: LHP Chris Burch
|
|
|
Batting: LHB Justin Stickney
|
0-0: Called Strike 0-1: Ball 1-1: Foul Ball, location: 2F 1-2: Ball 2-2: Ball 3-2: Fielders Choice at 2nd, 2-6 (Groundball, 13S, EV 63.1 MPH) Matt Hyde to third
|
|
Batting: RHB Mike Rosa
|
0-0: Ball 1-0: Foul Ball, location: 2F 1-1: Ground out 3-1 (Groundball, 34S, EV 60.0 MPH)
|
| Top of the 6th over - 2 runs, 3 hits, 0 errors, 2 left on base; Windy City 8 - York 3 |
| BOTTOM OF THE 6TH |
|
York Revolution batting - Pitching for Windy City ThunderBolts : LHP Juan Fuentes
|
|
Batting: RHB Jake Cox
|
0-0: Ball 1-0: Ground out 4-3 (Groundball, 4, EV 106.2 MPH)
|
|
Batting: RHB Victor Arias
|
0-0: Ball 1-0: Ground out 3-1 (Groundball, 34S, EV 76.9 MPH)
|
|
Batting: RHB Joe Hewitt
|
0-0: Swinging Strike 0-1: Foul Ball, location: 2F 0-2: Ball 1-2: Foul Ball, location: 2F 1-2: SINGLE (Groundball, 56S, EV 63.8 MPH) (infield hit)
|
|
Batting: RHB Tony Perez
|
0-0: Ball 1-0: Ball 2-0: Ball 3-0: Called Strike 3-1: Fly out, F9 (Flyball, 9LD, EV 93.8 MPH)
|
| Bottom of the 6th over - 0 runs, 1 hit, 0 errors, 1 left on base; Windy City 8 - York 3 |
| TOP OF THE 7TH |
|
Windy City ThunderBolts batting - Pitching for York Revolution : LHP Chris Burch
|
|
Batting: RHB Josiah Wright
|
0-0: Ball 1-0: Ball 2-0: Ball 3-0: Called Strike 3-1: Base on Balls
|
|
Batting: LHB Evan Oliveri
|
0-0: Foul Ball, location: 2F 0-1: Fly out, F8 (Flyball, 8LD, EV 93.8 MPH)
|
|
Batting: LHB Eddie Reyes
|
0-0: Foul Ball, location: 2F 0-1: DOUBLE (Groundball, 3L, EV 106.2 MPH) Josiah Wright to third
|
|
Batting: SHB Alfie Bungledorf
|
0-0: Ball 1-0: Ball 2-0: Called Strike 2-1: Swinging Strike 2-2: Foul Ball, location: 2F 2-2: Strikes out swinging
|
|
Batting: LHB Adam Tarbutton
|
0-0: Foul Ball, location: 2F 0-1: Ground out U3 (Groundball, 3S, EV 80.6 MPH)
|
| Top of the 7th over - 0 runs, 1 hit, 0 errors, 2 left on base; Windy City 8 - York 3 |
| BOTTOM OF THE 7TH |
|
York Revolution batting - Pitching for Windy City ThunderBolts : LHP Juan Fuentes
|
|
Batting: RHB Chris Myers
|
0-0: Fly out, F9 (Flyball, 9LM, EV 86.9 MPH)
|
|
Batting: RHB Trent Hedrick
|
0-0: Called Strike 0-1: Fly out, F9 (Line Drive, 9, EV 94.4 MPH)
|
|
Batting: RHB Jose Corral
|
0-0: Called Strike 0-1: Ground out 5-3 (Groundball, 56S, EV 90.0 MPH)
|
| Bottom of the 7th over - 0 runs, 0 hits, 0 errors, 0 left on base; Windy City 8 - York 3 |
| TOP OF THE 8TH |
|
Windy City ThunderBolts batting - Pitching for York Revolution : LHP Chris Burch
|
|
Batting: LHB Matt Hyde
|
0-0: Ground out 4-3 (Groundball, 4, EV 79.4 MPH)
|
|
Batting: LHB Larry Myers
|
0-0: Called Strike 0-1: Ball 1-1: Ball 2-1: DOUBLE (Line Drive, 89M, EV 105.0 MPH)
|
|
Batting: LHB Justin Stickney
|
0-0: Called Strike 0-1: Foul Ball, location: 2F 0-2: Fly out, F9 (Flyball, 9D, EV 83.8 MPH) Runner from 2nd tags up, SAFE at 3rd, no throw by RF
|
|
Pitching: RHP Francisco Tejada
|
|
|
Batting: RHB Mike Rosa
|
0-0: Ball 1-0: Called Strike 1-1: Foul Ball, location: 2F 1-2: Strikes out swinging
|
| Top of the 8th over - 0 runs, 1 hit, 0 errors, 1 left on base; Windy City 8 - York 3 |
| BOTTOM OF THE 8TH |
|
York Revolution batting - Pitching for Windy City ThunderBolts : LHP Juan Fuentes
|
|
Batting: RHB Lee Wright
|
0-0: Fly out, F8 (Line Drive, 8RM, EV 89.4 MPH)
|
|
Batting: SHB Brett St. Clair
|
0-0: Ball 1-0: Fly out, F9 (Flyball, 9, EV 74.4 MPH)
|
|
Batting: RHB Jake Cox
|
0-0: Called Strike 0-1: Ball 1-1: Fly out, F4 (Line Drive, 4, EV 70.6 MPH)
|
| Bottom of the 8th over - 0 runs, 0 hits, 0 errors, 0 left on base; Windy City 8 - York 3 |
| TOP OF THE 9TH |
|
Windy City ThunderBolts batting - Pitching for York Revolution : RHP Francisco Tejada
|
|
Batting: RHB Josiah Wright
|
0-0: Swinging Strike 0-1: Ball 1-1: Foul Ball, location: 2F 1-2: Foul Ball, location: 2F 1-2: Foul Ball, location: 2F 1-2: Ball 2-2: Strikes out looking
|
|
Batting: LHB Evan Oliveri
|
0-0: Called Strike 0-1: Ball 1-1: Fly out, F9 (Flyball, 89S, EV 90.6 MPH)
|
|
Batting: LHB Eddie Reyes
|
0-0: Ball 1-0: Foul Ball, location: 2F 1-1: Ball 2-1: Ball 3-1: Called Strike 3-2: Strikes out swinging, 2-3 out at first.
|
| Top of the 9th over - 0 runs, 0 hits, 0 errors, 0 left on base; Windy City 8 - York 3 |
| BOTTOM OF THE 9TH |
|
York Revolution batting - Pitching for Windy City ThunderBolts : LHP Juan Fuentes
|
|
Batting: RHB Victor Arias
|
0-0: Ball 1-0: Reached on error, E5 (Groundball, 5, EV 110.6 MPH)
|
|
Pitching: LHP Ray Sowers
|
|
|
Batting: RHB Joe Hewitt
|
0-0: Foul Ball, location: 2F 0-1: Ball 1-1: Fly out, F8 (Flyball, 8LS, EV 91.9 MPH)
|
|
Batting: RHB Tony Perez
|
0-0: Ball 1-0: Ball 2-0: Ball 3-0: Base on Balls
|
|
Batting: RHB Chris Myers
|
0-0: Ball 1-0: Ball 2-0: Ball 3-0: Called Strike 3-1: Grounds into double play, 5-4-3 (Groundball, 56, EV 88.8 MPH)
|
| Bottom of the 9th over - 0 runs, 0 hits, 1 error, 1 left on base; Windy City 8 - York 3 |
|